 Dungeon Crawl Stone Soup version 0.28-a0-503-g83f2989fac (webtiles) character file.

Game seed: 18267011915500905022

142 bande the Skirmisher (level 5, -4/33 HPs)
             Began as a Gargoyle Fighter on Sept 21, 2021.
             Slain by a gnoll (8 damage)
             ... on level 4 of the Dungeon.
             The game lasted 00:03:47 (2539 turns).

bande the Skirmisher (Gargoyle Fighter)             Turns: 2539, Time: 00:03:47

Health: -4/33      AC: 13    Str: 19    XL:     5   Next: 24%
Magic:  5/5        EV:  7    Int:  9    God:
Gold:   105        SH:  4    Dex: 10    Spells: 4/4 levels left

rFire   . . .      SeeInvis .   a - +1 war axe (vamp)
rCold   . . .      Faith    .   c - +0 buckler
rNeg    + . .      Spirit   .   f - +0 chain mail
rPois   ∞          Reflect  .   (no helmet)
rElec   +          Harm     .   (no cloak)
rCorr   .          Rampage  .   (no gloves)
Will    .....                   (no boots)
Stlth   ..........              (no amulet)
HPRegen 0.11/turn               (no ring)
MPRegen 0.09/turn               (no ring)

@: no status effects
A: sickness immunity, AC +4, negative energy resistance 1, electricity
resistance, torment resistance 1, petrification resistance
a: no special abilities


You were on level 4 of the Dungeon.
You visited 1 branch of the dungeon, and saw 4 of its levels.

You collected 105 gold pieces.

Inventory:

Hand Weapons
 a - a +1 vampiric war axe (weapon)
Missiles
 h - 2 throwing nets (quivered)
Armour
 c - a +0 buckler (worn)
 f - a +0 chain mail (worn)
Scrolls
 b - a scroll of teleportation
 j - a scroll of identify
 l - a scroll of noise {unknown}
Potions
 d - a potion of might
 e - 3 potions of curing
 g - a potion of degeneration {unknown}
 i - a potion of brilliance {unknown}
 k - a potion of heal wounds {unknown}


   Skills:
 + Level 4.1 Fighting
 + Level 3.4 Axes
 + Level 4.1 Armour
 - Level 0.1 Dodging
 - Level 0.1 Stealth
 + Level 3.6 Shields


You had 4 spell levels left.
You didn't know any spells.
Your spell library was empty.

Dungeon Overview and Level Annotations

Branches:
Dungeon (4/15)
 Temple: D:4-7

Altars:

Annotations:
D:4 Menkaure


Innate Abilities, Weirdness & Mutations

You are immune to sickness and miasma.
Your stone body is resilient. (AC +4)
You are immune to poison.
You resist negative energy. (rN+)
You are resistant to electric shocks. (rElec)
You are resistant to unholy torment.
You are immune to petrification.


Message History

The gnoll is moderately wounded.
The gnoll hits you but does no damage. The gnoll hits you with a +0 club.
You slash the gnoll!
You feel better.
The gnoll is severely wounded.
You block the gnoll's attack.
You hit the gnoll.
The gnoll is almost dead.
The gnoll hits you but does no damage. You block the gnoll's attack.
You slash the gnoll!
You kill the gnoll!
You climb downwards.
Level annotation: Menkaure The gnoll shouts!
Menkaure calls on the powers of darkness!
The gnoll convulses!
Your body is wracked with pain!
There is a stone staircase leading up here.
Unknown command.
The gnoll barely misses you. The gnoll closely misses you.
You climb upwards.
There is a stone staircase leading down here.
Unknown command.
You start resting.
HP restored.
You climb downwards.
Level annotation: Menkaure You block the gnoll's attack.
The gnoll hits you with a +0 flail. The gnoll hits you with a +0 spear.
Menkaure casts a spell at you. Pain shoots through your body!
The gnoll hits you from afar with a +1 spear of freezing!
The gnoll freezes you.
* * * LOW HITPOINT WARNING * * *
The gnoll hits you but does no damage. The gnoll hits you with a +0 spear.
* * * LOW HITPOINT WARNING * * *
There is a stone staircase leading up here.
Unknown command.
Menkaure mumbles some strange words.
Menkaure seems to speed up.
The gnoll hits you from afar with a +1 spear of freezing!
You die...

####
####...###
.........# #
#......g##.###
#......g..>...
#.....@g.#
##........#
##..........#
###.#.......
.# ...M..# #.
......# #.
......# ##
####..#


You could see Menkaure (fast) and 3 gnolls.

Vanquished Creatures
  A necrophage (D:3)
  A gnoll (D:3)
  An adder (D:3)
  A worm (D:2)
  A dart slug (D:2)
  2 orcs
  4 ball pythons
  3 endoplasms (D:3)
  3 goblins
  2 hobgoblins
  2 jackals (D:3)
  3 bats
  2 frilled lizards
  5 kobolds
  5 rats
36 creatures vanquished.

Notes
Turn   | Place    | Note
-------+----------+-------------------------------------------
     0 | D:1      | bande the Gargoyle Fighter began the quest for the Orb.
     0 | D:1      | Reached XP level 1. HP: 14/14 MP: 1/1
    27 | D:1      | Found a faded altar of an unknown god.
   322 | D:1      | Reached XP level 2. HP: 19/19 MP: 2/2
  1150 | D:2      | Reached XP level 3. HP: 18/24 MP: 3/3
  2214 | D:3      | Noticed a necrophage
  2226 | D:3      | Killed a necrophage
  2227 | D:3      | Reached XP level 4. HP: 22/29 MP: 4/4
  2227 | D:3      | Reached XP level 5. HP: 25/33 MP: 5/5
  2474 | D:4      | Noticed Menkaure
  2539 | D:4      | Slain by a gnoll

Illustrated notes

Levels and vault maps discovered:
D:1:      ncdulo_wetmaze, layout_rooms, dreamdust_ecumenical_altar_grove
D:2:      layout_basic
D:3:      layout_basic, serial_bayou_crossing
D:4:      layout_loops_ring, supply_closet_lemuel, uniq_pikel,
          uniq_crazy_yiuf_cottage, uniq_menkaure

Skill      XL: |  1  2  3 |
---------------+----------+-----
Axes           | 2 3 |  3.4
Fighting       | 4 |  4.1
Armour         | 4 |  4.1
Dodging        | |  0.1
Stealth        | |  0.1
Shields        | |  3.6

Action                   |  1- 3 |  4- 6 || total
-------------------------+-------+-------++-------
Melee: War axe           |    89 |    15 ||   104
  Use: Scroll            |     4 |       ||     4
Armor: Chain mail        |    61 |    12 ||    73
       Scale mail        |     1 |       ||     1
Dodge: Dodged            |    28 |     5 ||    33
Block: Buckler           |    19 |     6 ||    25

Table legend: (Time is in decaauts)
 A = Elapsed time spent in this place.
 B = Non-inter-level travel time spent in this place.
 C = Inter-level travel time spent in this place.
 D = Time resting spent in this place.
 E = Time spent auto-exploring this place.
 F = Levels seen in this place.
 G = Mean time per level.
                   A        B        C        D        E       F      G
               +--------+--------+--------+--------+--------+-----+--------+
         Total |   2595 |   2543 |     52 |     49 |   2101 |   4 |  648.8 |
       Dungeon |   2595 |   2543 |     52 |     49 |   2101 |   4 |  648.8 |
               +--------+--------+--------+--------+--------+-----+--------+

Top non-repeatable levels by time:
     D:2: 1139 daAuts
     D:3: 832 daAuts
     D:1: 617 daAuts
     D:4: 5 daAuts
